 Dungeon Crawl Stone Soup version 0.31-a0-848-gaac375c287 (webtiles) character file.

Game seed: 15464631858403848133

1571 Demosthentine the Trooper (level 8, 0/62 (64) HPs)
             Began as a Demonspawn Gladiator on Oct 4, 2023.
             Was an Initiate of Hepliaklqana.
             Slain by a bullfrog (4 damage)
             ... on level 6 of the Dungeon.
             The game lasted 00:06:20 (5183 turns).

Demosthentine the Trooper (Demonspawn Gladiator)    Turns: 5183, Time: 00:06:21

HP:   0/62 (64)     AC:  5    Str: 17    XL:     8   Next: 59%
MP:   0/8           EV: 14    Int:  9    God:    Hepliaklqana [......]
Gold: 269           SH:  0    Dex: 15    Spells: 7/7 levels left

rFire   . . .        a - +1 trident (protect)
rCold   . . .        (no shield)
rNeg    . . .        b - +0 leather armour
rPois   .            (helmet restricted)
rElec   .            (no cloak)
rCorr   .            (no gloves)
SInv    .            (no boots)
Will    .....        (no amulet)
Stlth   +            (no ring)
HPRegen 0.30/turn    (no ring)
MPRegen 0.22/turn

%: guardian spirit
@: about to teleport, lightly drained
A: antennae 1, thin metallic scales 1, magic shield, magic regeneration
a: Renounce Religion


You were on level 6 of the Dungeon.
You worshipped Hepliaklqana.
Hepliaklqana was noncommittal.
You visited 2 branches of the dungeon, and saw 7 of its levels.

You collected 269 gold pieces.

Inventory:

Hand Weapons
 a - a +1 trident of protection (weapon)
Missiles
 e - a javelin
Armour
 b - a +0 leather armour (worn)
Jewellery
 o - a ring of resist corrosion
Scrolls
 f - 4 scrolls of enchant weapon
 i - a scroll of amnesia
 k - a scroll of fear
 n - a scroll of poison
Potions
 c - 2 potions of brilliance {unknown}
 g - 3 potions of attraction {unknown}
 h - a potion of invisibility
 l - 2 potions of magic
 m - 2 potions of mutation {unknown}
 p - 2 potions of resistance


   Skills:
 + Level 5.7 Fighting
 + Level 5.6 Polearms
 - Level 1.7 Throwing
 + Level 4.7 Armour
 + Level 5.6 Dodging


You had 7 spell levels left.
You didn't know any spells.
Your spell library contained the following spells:

 Spells                   Type           Power      Damage    Failure   Level
 Foxfire                  Conj/Fire      0%         2x1d4     43%         1
 Kiss of Death            Conj/Necr      0%         2d5       43%         1
 Shock                    Conj/Air       0%         1d3       43%         1
 Confusing Touch          Hex            0%         N/A       82%         3
 Ignite Poison            Fire/Tmut/Pois 0%         N/A       82%         3
 Swiftness                Air            0%         N/A       82%         3
 Airstrike                Air            0%         2d(0-16)  99%         4
 Dispel Undead            Necr           0%         3d6       99%         4
 Sticky Flame             Conj/Fire      0%         2d3       99%         4
 Plasma Beam              Fire/Air       0%         2x1d10    100%        6
 Starburst                Conj/Fire      0%         6d3       100%        6
 Ignition                 Fire           0%         3d3       100%        8


Dungeon Overview and Level Annotations

Branches:
Dungeon (6/15)             Temple (1/1) D:5

Altars:
Ashenzari
Cheibriados
Dithmenos
Fedhas
Hepliaklqana
Makhleb
Nemelex Xobeh
Okawaru
Qazlal
Trog
Uskayaw
Vehumet
Wu Jian
Xom
Yredelemnul
Jiyva

Annotations:
D:1 2 transporters


Innate Abilities, Weirdness & Mutations

You have a pair of small antennae on your head.
You are partially covered in thin metallic scales. (AC +2)
When hurt, damage is shared between your health and your magic reserves.
You regenerate magic rapidly.


Message History

The wight hits you with a +2 long sword.
* * * LOW HITPOINT WARNING * * *
You feel drained.
Unknown command.
You hit the wight but do no damage. The wight closely misses you.
You closely miss the wight.
The bullfrog releases a deep croak.
The wight barely misses you.
You closely miss the wight.
You feel a little less mighty now.
A hound comes into view.
The wight completely misses you.
A sky beast comes into view.
The wight attacks as it pursues you!
The wight hits you with a +2 long sword!
* * * LOW HITPOINT WARNING * * *
The wight attacks as it pursues you!
The wight hits you with a +2 long sword!
* * * LOW HITPOINT WARNING * * *
Okay, then.
Throw: throwing net
Press: ? - help, Q - select action, (/) - cycle Shift-Dir - straight line, f - wight
Aim: a wight, wielding a +2 long sword and wearing a +0 robe (57% to hit)
You throw a throwing net. The throwing net hits the wight.
The wight is caught in the net!
The wight struggles against the net.
Found a falchion.
The bullfrog attacks as it pursues you! The bullfrog misses you.
The bullfrog hits you but does no damage.
The wight struggles against the net.
A gnoll sergeant comes into view. It is wielding a +3 heavy spear.
Unknown command.
The gnoll sergeant shouts!
You hear a bark!
The wight struggles against the net.
Unknown command.
As you read the scroll of teleportation, it crumbles to dust.
You feel strangely unstable.
The bullfrog hits you but does no damage.
The wight struggles against the net.
The bullfrog hits you.
You die...

#### #..## ##...####
#.##....##
##.........
#..g.#...#.
####.h........ ##
#.<.##@.......
###.....{#.F...###.
.h...#####.#....#
.###..#...zz........
...........####.....
#......##.# ..... .
#.##.)).# ..... #
#.z#### .... #.#.##
.).


You could see a gnoll sergeant, a bullfrog, a hound and 2 wights.

Vanquished Creatures
  Duvessa (D:6)
  An orc warrior (D:3)
  A black bear (D:6)
  2 phantoms
  A water moccasin zombie (D:4)
  3 scorpions
  A wight (D:6)
  Dowan (D:6)
  3 howler monkeys
  4 hounds
  A jelly (D:3)
  An orc priest (D:4)
  A centaur skeleton (D:4)
  A bullfrog skeleton (D:4)
  5 iguanas
  An orc wizard (D:4)
  3 scorpion zombies (D:4)
  3 hound zombies (D:4)
  A hound skeleton (D:4)
  Robin (D:3)
  6 adders
  5 adder zombies (D:4)
  6 worms
  2 dart slugs (D:1)
  4 orcs
  6 ball pythons
  3 endoplasms
  A giant cockroach (D:1)
  7 hobgoblins
  8 kobolds
  4 quokkas
  6 bats
  3 frilled lizards
  14 goblins
  4 rats
115 creatures vanquished.

Notes
Turn   | Place    | Note
-------+----------+-------------------------------------------
     0 | D:1      | Demosthentine the Demonspawn Gladiator began the quest for
                  | the Orb.
     0 | D:1      | Reached XP level 1. HP: 16/16 MP: 1/1
   131 | D:1      | Gained mutation: You have a pair of small antennae on your
                  | head. [demonic ancestry]
   131 | D:1      | Reached XP level 2. HP: 19/21 MP: 2/2
   368 | D:1      | Reached skill level 1 in Armour
   485 | D:1      | Found a faded altar of an unknown god.
  1002 | D:2      | Gained mutation: You are partially covered in thin metallic
                  | scales. (AC +2) [demonic ancestry]
  1002 | D:2      | Reached XP level 3. HP: 28/28 MP: 3/3
  1612 | D:3      | Gained mutation: You regenerate magic rapidly. [demonic
                  | ancestry]
  1612 | D:3      | Reached XP level 4. HP: 8/34 MP: 4/4
  1827 | D:3      | Found a sparkling altar of Nemelex Xobeh.
  1927 | D:3      | Found a bloodstained altar of Trog.
  2118 | D:3      | Found an iron altar of Okawaru.
  2128 | D:3      | Found a stormy altar of Qazlal.
  2129 | D:3      | Found a shimmering altar of Xom.
  2129 | D:3      | Found a hide-covered altar of Uskayaw.
  2130 | D:3      | Found a basalt altar of Yredelemnul.
  2133 | D:3      | Found an ornate altar of the Wu Jian Council.
  2134 | D:3      | Found a radiant altar of Vehumet.
  2342 | D:4      | Noticed Robin
  2491 | D:3      | Killed Robin
  2615 | D:4      | Noticed an orc warrior
  2728 | D:3      | Killed an orc warrior
  2729 | D:3      | Gained mutation: When hurt, damage is shared between your
                  | health and your magic reserves. [demonic ancestry]
  2729 | D:3      | Reached XP level 5. HP: 32/41 MP: 5/5
  2896 | D:4      | Reached XP level 6. HP: 23/47 MP: 4/6
  3253 | D:4      | Reached XP level 7. HP: 54/54 MP: 7/7
  4161 | D:5      | Entered Level 5 of the Dungeon
  4216 | D:5      | Found a staircase to the Ecumenical Temple.
  4240 | Temple   | Entered the Ecumenical Temple
  4244 | Temple   | Became a worshipper of Hepliaklqana the Forgotten
  4616 | D:5      | Reached skill level 5 in Fighting
  4616 | D:5      | Reached skill level 5 in Polearms
  4616 | D:5      | Reached skill level 5 in Dodging
  4616 | D:5      | Reached XP level 8. HP: 49/62 MP: 8/8
  5109 | D:6      | Noticed Duvessa
  5112 | D:6      | Noticed Dowan
  5145 | D:6      | Killed Duvessa
  5159 | D:6      | Paralysed by a wight for 4 turns
  5166 | D:6      | Killed Dowan
  5179 | D:6      | HP: 3/62 [wight/+2 long sword (6)]
  5183 | D:6      | Slain by a bullfrog

Illustrated notes

Levels and vault maps discovered:
D:1:      spicycebolla_arrival_transporter_tutorial, layout_basic,
          dilly_ecumenical_altar_fadedgnrine
D:2:      layout_basic
D:3:      layout_rooms, nemelex_altar_shiori, mainiacjoe_overflow_brackets,
          minitemple
D:4:      layout_basic, serial_undead, serial_undead_f, serial_undead_d,
          serial_undead_a, serial_undead_a, grunt_tough_drop, uniq_robin
D:5:      layout_loops_ring, minmay_temple_entry_gardened_gates,
          hangedman_decor_riveting, serial_bayou_ford_a, item_on_display_a
D:6:      layout_rooms, kiku_gazebo_pond_becter, nicolae_ru_path_of_blood,
          minmay_crossroads, uniq_duvessa, uniq_eustachio
Temple:   pf_slimified_temple

Skill      XL: |  1  2  3  4  5  6  7 |
---------------+----------------------+-----
Polearms       | 3 4 5 |  5.6
Dodging        | 3 4 5 |  5.6
Armour         | 1 2 3 4 |  4.7
Fighting       | 3 4 5 |  5.7
Throwing       | |  1.7

Action                     |  1- 3 |  4- 6 |  7- 9 || total
---------------------------+-------+-------+-------++-------
  Melee: Trident           |   139 |   197 |   279 ||   615
         Punch             |     1 |     1 |     2 ||     4
  Throw: Throwing net      |     1 |     1 |     2 ||     4
    Use: Scroll            |     7 |     3 |     5 ||    15
         Potion            |       |     2 |     1 ||     3
   Stab: Sleeping          |     3 |     1 |       ||     4
 Armour: Leather armour    |    35 |   133 |   156 ||   324
  Dodge: Dodged            |    62 |   131 |   200 ||   393

Table legend: (Time is in decaauts)
 A = Elapsed time spent in this place.
 B = Non-inter-level travel time spent in this place.
 C = Inter-level travel time spent in this place.
 D = Time resting spent in this place.
 E = Time spent auto-exploring this place.
 F = Levels seen in this place.
 G = Mean time per level.
                   A        B        C        D        E       F      G
               +--------+--------+--------+--------+--------+-----+--------+
         Total |   5268 |   5147 |    121 |    340 |   3563 |   7 |  752.6 |
       Dungeon |   5258 |   5137 |    121 |    340 |   3563 |   6 |  876.3 |
        Temple |      9 |      9 |      0 |      0 |      0 |   1 |    9.0 |
               +--------+--------+--------+--------+--------+-----+--------+

Top non-repeatable levels by time:
     D:4: 1403 daAuts
     D:3: 1233 daAuts
     D:5: 923 daAuts
     D:1: 908 daAuts
     D:2: 690 daAuts
     D:6: 99 daAuts
  Temple: 9 daAuts
